 Dungeon Crawl Stone Soup version 0.21-a0-29-g43b3074 (webtiles) character file.

82 grindst0ne the Skirmisher (level 4, -2/38 HPs)
             Began as a Formicid Fighter on May 26, 2017.
             Slain by an ice beast (3 damage)
             ... on level 3 of the Dungeon.
             The game lasted 00:02:21 (1714 turns).

grindst0ne the Skirmisher (Formicid Fighter)        Turns: 1714, Time: 00:02:22

Health: -2/38      AC:  6    Str: 20    XL:     4   Next: 70%
Magic:  4/4        EV:  7    Int:  8    God:
Gold:   191        SH:  9    Dex: 11    Spells: 3/3 levels left

rFire    . . .     SeeInvis +   a - +0 war axe
rCold    . . .     Gourm    .   c - +0 shield
rNeg     . . .     Faith    .   b - +0 scale mail
rPois    .         Spirit   .   (helmet unavailable)
rElec    .         Reflect  .   (no cloak)
rCorr    .         Harm     .   (no gloves)
MR       .....                  (no boots)
Stlth    ..........             (no amulet)
Regen    0.2/turn               (no ring)
MPRegen  0.1/turn               (no ring)

@: no status effects
A: permanent stasis, dig shafts and tunnels, four strong arms, antennae 3
a: Dig, Shaft Self


You were on level 3 of the Dungeon.
You were not hungry.

You visited 1 branch of the dungeon, and saw 3 of its levels.

You collected 191 gold pieces.

Inventory:

Hand Weapons
 a - a +0 war axe (weapon)
Armour
 b - a +0 scale mail (worn)
 c - a +0 shield (worn)
Jewellery
 o - an uncursed ring of positive energy {unknown}
 p - an uncursed amulet of faith {unknown}
 r - an uncursed ring of stealth {unknown}
Scrolls
 e - a scroll of identify {unknown}
 i - a scroll of magic mapping {unknown}
 j - a scroll of enchant weapon {unknown}
 s - a scroll of recharging {unknown}
 t - a scroll of immolation {unknown}
Potions
 d - 2 potions of might
 h - a potion of magic {unknown}
 l - 2 potions of mutation {unknown}
 m - a potion of brilliance {unknown}
 q - a potion of agility {unknown}
Comestibles
 f - 4 bread rations
 g - 6 chunks of flesh
 k - a meat ration
 n - a royal jelly


   Skills:
 + Level 4.8 Fighting
 + Level 3.2 Axes
 - Level 3.2 Armour
 - Level 3.6 Shields


You had 3 spell levels left.
You didn't know any spells.

Dungeon Overview and Level Annotations

Branches:
Dungeon (3/15)

Altars:


Innate Abilities, Weirdness & Mutations

You cannot be hasted, slowed, berserked, paralysed or teleported.
You can dig through walls and to a lower floor.
Your four strong arms can wield two-handed weapons with a shield.
You have a pair of large antennae on your head. (SInv)


Message History

You dig through the rock wall.
You dig through the rock wall.
You dig through the rock wall.
You retract your mandibles.
You slash the ice beast!
The ice beast is heavily wounded.
The ice beast barely misses you. You block the ice beast's attack.
Your shield and scale mail prevent you from hitting the ice beast.
The ice beast is heavily wounded.
The ice beast hits you. The ice beast freezes you!
* * * LOW HITPOINT WARNING * * *
You hit the ice beast.
The ice beast is severely wounded.
You block the ice beast's attack.
You hit the ice beast.
The ice beast is almost dead.
You block the ice beast's attack. The ice beast barely misses you.
You hit the ice beast but do no damage.
The ice beast is almost dead.
The ice beast hits you.
You die...

#........# #..... #........#
#..... #........######.....
#........+..........
#......[.#####...... #........#
#...... #........# #......
####)#########...... ##@.#
#.......... ##Y#.# #.###.#####
##l##.# #.# #.#####
#.#.######.###.#####.###......
#...>.).......................
.....%..#######...###.#####)###
........#########.# #.# ##.###
..................# #.# #.....
.......[########### #.# #.....


You could see an ice beast and a frilled lizard.

Vanquished Creatures
  3 adders
  A worm (D:2)
  A dart slug (D:1)
  7 orcs
  2 ball pythons (D:1)
  6 bats
  3 giant cockroaches (D:2)
  7 goblins
  4 hobgoblins (D:1)
  A kobold (D:2)
  A quokka (D:3)
  4 rats
40 creatures vanquished.

Notes
Turn   | Place    | Note
-------+----------+-------------------------------------------
     0 | D:1      | grindst0ne the Formicid Fighter began the quest for the Orb.
     0 | D:1      | Reached XP level 1. HP: 18/18 MP: 1/1
    44 | D:1      | Reached XP level 2. HP: 23/24 MP: 2/2
   479 | D:1      | Reached skill level 4 in Fighting
   479 | D:1      | Reached XP level 3. HP: 29/30 MP: 3/3
  1188 | D:2      | Reached XP level 4. HP: 25/38 MP: 4/4
  1699 | D:3      | Noticed an ice beast
  1711 | D:3      | HP: 1/38 [ice beast (13)]
  1714 | D:3      | Slain by an ice beast

Vault maps used:
D:1:      dpeg_arrival_pond
D:2:      first_bread
D:3:      ashenzari_altar_1

Skill      XL: |  1  2  3 |
---------------+----------+-----
Fighting       | 4 |  4.8
Axes           | 3 |  3.2
Armour         | |  3.2
Shields        | |  3.6

Action                   |  1- 3 |  4- 6 || total
-------------------------+-------+-------++-------
Melee: War axe           |    97 |    30 ||   127
 Abil: Dig               |       |     1 ||     1
  Eat: Chunk             |     1 |     2 ||     3
Armor: Scale mail        |    55 |     4 ||    59
Dodge: Dodged            |    36 |     8 ||    44
Block: Shield            |    63 |     7 ||    70
